 Dungeon Crawl Stone Soup version 0.30.1-3-gfc49f6343a (webtiles) character file.

Game seed: 5070693348028815442

31287 FishyPogo the Martial Artist (level 13, -2/101 HPs)
             Began as a Gnoll Transmuter on July 22, 2023.
             Was an Initiate of Gozag.
             Slain by an orc warrior
             ... wielding a +0 mace
             ... led by an orc knight
              (24 damage)
             ... on level 1 of the Orcish Mines.
             The game lasted 01:50:28 (14030 turns).

FishyPogo the Martial Artist (Gnoll Transmuter)    Turns: 14030, Time: 01:50:58

Health: -2/101     AC:  2    Str:  9    XL:     13   Next: 57%
Magic:  8/27       EV: 30    Int: 14    God:    Gozag
Gold:   3177       SH:  0    Dex: 22    Spells: 2/32 levels left

rFire   x . .        a - melded +6 shortbow "Tinoudo" {antimagic, rC+ Will+ Str+3}
rCold   + . .        (shield currently unavailable)
rNeg    . . .        U - melded +1 scale mail {rF+}
rPois   x            T - melded +0 hat of Midsummer {rElec}
rElec   .            u - melded scarf {rC+ rF+}
rCorr   .            Z - melded +0 pair of gloves
SInv    .            (boots currently unavailable)
Will    .....        X - amulet of regeneration
Stlth   ++++         i - +4 ring of slaying
HPRegen 1.16/turn    o - ring of ice
MPRegen 0.20/turn

%: no passive effects
@: spider-form, wereblooded, gold aura, studying Air Magic
A: venomous fangs, tiny, (fangs 1), strong nose, distributed training
a: End Transformation, Renounce Religion, Potion Petition, Call Merchant, Bribe
Branch


You were on level 1 of the Orcish Mines.
You worshipped Gozag.
Gozag was most pleased with you.
You were a venomous arachnid creature.
You visited 2 branches of the dungeon, and saw 14 of its levels.
You also visited: Ossuary and Ice Cave.

You collected 4630 gold pieces.
You spent 1395 gold pieces at shops.
You paid 58 gold pieces to Gozag.

Inventory:

Hand Weapons
 a - the +6 shortbow "Tinoudo" (melded) {antimagic, rC+ Will+ Str+3}
   (You found it in an ice cave)

   Str:       It affects your strength (+3).
   rC:        It protects you from cold.
   Will:      It increases your willpower.
 r - a +0 scimitar of flaming
 P - a +3 trident of protection
 S - a +5 falchion
Missiles
 h - 9 curare-tipped darts
 k - a throwing net
 x - 6 javelins
 D - 15 poisoned darts
 M - 3 boomerangs
 O - a boomerang of dispersal
Armour
 u - a scarf of resistance (melded)
 C - a +0 crystal plate armour of cold resistance
 T - the +0 hat of Midsummer (melded) {rElec}
   (You found it on level 9 of the Dungeon)

   rElec:     It insulates you from electricity.
 U - a +1 scale mail of fire resistance (melded)
 Y - a +2 robe of cold resistance
 Z - a +0 pair of gloves (melded)
Jewellery
 i - a +4 ring of slaying (left front pincers)
 o - a ring of ice (right front pincers)
 p - a ring of poison resistance
 s - a +4 ring of protection
 y - an amulet of guardian spirit
 X - an amulet of regeneration (around neck)
Wands
 b - a wand of quicksilver (8)
 e - a wand of iceblast (15)
 n - a wand of polymorph (13)
 t - a wand of digging (1)
 v - a wand of flame (40)
 R - a wand of mindburst (7)
Scrolls
 c - 6 scrolls of teleportation
 g - 3 scrolls of vulnerability
 A - a scroll of enchant armour
 F - 3 scrolls of fear
 I - 2 scrolls of enchant weapon
 J - 4 scrolls of torment
 K - a scroll of poison
 V - 3 scrolls of fog
Potions
 d - 5 potions of brilliance
 f - 2 potions of haste
 j - 2 potions of magic
 l - 2 potions of cancellation
 m - a potion of resistance {unknown}
 q - a potion of mutation
 w - 5 potions of might
 B - 4 potions of lignification
 E - 7 potions of curing
 G - 3 potions of flight
 H - 6 potions of ambrosia
 Q - a potion of attraction
 W - 2 potions of berserk rage
Miscellaneous
 N - a lightning rod (4/4)


   Skills:
 + Level 9.1 Fighting
 + Level 8.7 Short Blades
 + Level 8.7 Long Blades
 + Level 8.7 Axes
 + Level 8.7 Maces & Flails
 + Level 8.7 Polearms
 + Level 8.7 Staves
 + Level 8.7 Ranged Weapons
 + Level 8.7 Throwing
 + Level 8.7 Armour
 + Level 9.9 Dodging
 + Level 8.7 Stealth
 + Level 8.7 Shields
 + Level 10.9 Unarmed Combat
 + Level 10.1 Spellcasting
 + Level 7.2 Conjurations
 + Level 7.2 Hexes
 + Level 7.2 Summonings
 + Level 7.2 Necromancy
 + Level 7.2 Translocations
 + Level 8.2 Transmutations
 + Level 7.2 Fire Magic
 + Level 7.2 Ice Magic
 + Level 10.0 Air Magic
 + Level 7.2 Earth Magic
 + Level 7.2 Poison Magic
 + Level 9.5 Invocations
 + Level 8.7 Evocations


You had 2 spell levels left.
You knew the following spells:

 Your Spells              Type           Power      Damage    Failure   Level
a - Beastly Appendage     Tmut           60%        N/A       3%          1
b - Wereblood             Tmut           30%        N/A       3%          2
c - Spider Form           Tmut/Pois      28%        N/A       6%          3
d - Ice Form              Ice/Tmut       43%        N/A       13%         4
e - Frozen Ramparts       Ice            82%        1d13      7%          3
f - Mephitic Cloud        Conj/Pois/Air  29%        N/A       5%          3
g - Blade Hands           Tmut           15%        N/A       24%         5
i - Call Canine Familiar  Summ           27%        N/A       7%          3
j - Vhi's Electric Charg  Tloc/Air       62%        N/A       4%          3
k - Stone Arrow           Conj/Erth      54%        3d10      7%          3

Your spell library contained the following spells:

 Spells                   Type           Power      Damage    Failure   Level
 Magic Dart               Conj           100%       1d8       3%          1
 Sandblast                Erth           54%        2d13      3%          1
 Summon Small Mammal      Summ           100%       N/A       3%          1
 Call Imp                 Summ           54%        N/A       4%          2
 Ensorcelled Hibernation  Hex/Ice        82%        N/A       4%          2
 Passwall                 Tmut/Erth      23%        N/A       4%          2
 Inner Flame              Hex/Fire       27%        N/A       7%          3
 Summon Guardian Golem    Hex/Summ       27%        N/A       7%          3
 Anguish                  Hex/Necr       13%        N/A       16%         4
 Cause Fear               Hex            13%        N/A       16%         4
 Summon Ice Beast         Ice/Summ       41%        N/A       16%         4
 Arcjolt                  Conj/Air       15%        1d25      22%         5
 Irradiate                Conj/Tmut      14%        3d16      28%         5
 Yara's Violent Unravell  Hex/Tmut       14%        3d7       28%         5
 Dragon Form              Tmut           15%        N/A       99%         7
 Enfeeble                 Hex            13%        N/A       100%        7
 Maxwell's Capacitive Co  Air            17%        ∞         100%        8
 Dragon's Call            Summ           13%        N/A       100%        9


Dungeon Overview and Level Annotations

Branches:
Dungeon (12/15)            Temple (0/1) D:6            Lair (0/5) D:9
    Orc (2/2) D:12            Elf (0/3) Orc:2       Ossuary (visited)
  IceCv (visited)

Altars:
Cheibriados
Dithmenos
Elyvilon
Gozag
Hepliaklqana
Kikubaaqudgha
Sif Muna
Trog
Zin
The Shining One

Shops:
D:6 *   D:7 (!::!   D:10 [


Innate Abilities, Weirdness & Mutations

You are a venomous arachnid creature.
You have venomous fangs.
You are tiny and dextrous.
Your spellcasting is less reliable in this form.
Your armour is entirely melded.
You are incapable of wielding weapons or throwing items.
((You have very sharp teeth.))
Your uncanny sense of smell can sniff out nearby items.
Your experience applies equally to all skills.


Message History

Found 19 gold pieces.
A magic dart appears from out of thin air!
Deactivating autopickup; reactivate with Ctrl-A.
The magic dart hits you!
The orc warrior shoots a bolt.
The bolt hits you!!
The orc priest looks braver for a moment.
The orc warrior completely misses you.
The orc warrior shoots a bolt.
The bolt completely misses you.
You bite the orc priest!
The orc priest looks as sick as possible!
The orc priest is almost dead.
You feel a bit better.
You kill the orc priest!
The orc warrior hits you with a +0 mace!!
You hit the orc warrior.
The orc warrior is poisoned.
The orc warrior is lightly wounded.
The orc warrior barely misses you.
The orc warrior unwields a +0 arbalest.
The orc warrior wields a +0 battleaxe.
The orc warrior completely misses you.
You barely miss the orc warrior.
The orc warrior is lightly wounded.
The orc warrior barely misses you.
Unknown command.
You bite the orc warrior!
The orc warrior looks even sicker.
The orc warrior is heavily wounded.
The orc warrior completely misses you.
You bite the orc warrior!
The orc warrior looks as sick as possible!
The orc warrior is almost dead.
You feel a bit better.
You kill the orc warrior!
Something barely misses you.
The orc warrior hits you with a +0 mace!
* * * LOW HITPOINT WARNING * * *
You hit the orc warrior but do no damage.
The orc warrior is poisoned.
The orc warrior is moderately wounded.
Something hits you.
* * * LOW HITPOINT WARNING * * *
The orc warrior hits you with a +0 mace!!
You die...
Your body crumbles into a pile of gold.

.###.##.......
..#........$..#
...............
$ ..............
.. ..$....... .#
#.##....#.##..
.#..$.o$$.......
......$s...##...
......#......###
........>....>.#
................
#.....#.$...##.#
##............
#.#...#.#..#...
#.........#.....
$ ##.#.#.... ...
.


You could see an orc warrior (strong, very poisoned).

Vanquished Creatures
  6 two-headed ogres
  Erica (D:8)
  Lodul (D:11)
  A deep elf pyromancer (D:12)
  A bog body (IceCv)
  An orc knight (Orc:2)
  Pikel (D:5)
  A manticore (D:12)
  Maurice (D:8)
  A cyclops (D:12)
  An ice statue (IceCv)
  2 gargoyles
  2 unseen horrors
  2 anaconda simulacra (IceCv)
  2 komodo dragons
  Psyche (D:10)
  A kobold demonologist (D:6)
  A queen bee (D:10)
  5 trolls
  A hornet (D:7)
  4 shadows
  7 yaks
  3 wyverns
  A dire elephant simulacrum (IceCv)
  A steam dragon (D:7)
  A death yak simulacrum (IceCv)
  Edmund (D:4)
  4 vampire mosquitoes (D:12)
  A harpy simulacrum (IceCv)
  2 wargs (Orc:2)
  2 two-headed ogre zombies (D:12)
  An acid dragon (D:11)
  3 hydra simulacra (IceCv)
  2 ice beasts (D:5)
  10 orc warriors
  A black bear (D:8)
  A sky beast (D:6)
  16 ogres
  6 centaurs
  4 phantoms
  A lemure (D:5)
  2 bullfrogs
  3 kobold brigands
  3 gnoll sergeants
  6 two-headed ogre simulacra
  3 scorpions
  A cane toad simulacrum (IceCv)
  5 wights (D:8)
  A troll zombie (D:12)
  2 elephant simulacra (IceCv)
  17 killer bees (D:10)
  10 howler monkeys
  2 centaur zombies (Ossuary)
  A lava snake (D:8)
  4 hounds (D:5)
  A jelly (D:6)
  8 orc priests
  A human zombie (Ossuary)
  2 sleepcaps
  4 iguanas
  Natasha (thrice) (D:2)
  10 orc wizards
  10 spriggan simulacra
  10 troll simulacra
  2 wolf simulacra
  2 polar bear simulacra
  5 ogre zombies (D:12)
  3 mummies
  Robin (D:2)
  6 adders
  12 gnolls
  8 naga simulacra
  6 white imps
  5 ufetubi
  3 dart slugs
  61 orcs
  2 endoplasms
  3 giant cockroaches
  19 goblins
  7 hobgoblins
  6 jackals
  4 quokkas
  5 ball pythons
  3 bats
  2 frilled lizards (D:2)
  2 goblin zombies
  17 hobgoblin zombies
  2 jackal zombies (Ossuary)
  21 kobolds
  8 kobold zombies (Ossuary)
  An orc skeleton (D:12)
  24 orc zombies
  5 rats
  A rat zombie (Ossuary)
460 creatures vanquished.

Vanquished Creatures (collateral kills)
  A bog body (IceCv)
  2 killer bees (D:10)
  A goblin zombie (D:12)
  An orc skeleton (D:12)
5 creatures vanquished.

Vanquished Creatures (others)
  A white imp (IceCv)
1 creature vanquished.

Grand Total: 466 creatures vanquished

Notes
Turn   | Place    | Note
-------+----------+-------------------------------------------
     0 | D:1      | FishyPogo the Gnoll Transmuter began the quest for the Orb.
     0 | D:1      | Reached XP level 1. HP: 17/17 MP: 6/6
   342 | D:1      | Reached XP level 2. HP: 23/23 MP: 5/7
   571 | D:1      | Found a faded altar of an unknown god.
   634 | D:1      | Learned a level 2 spell: Wereblood
   636 | D:1      | Learned a level 1 spell: Magic Dart
  1190 | D:2      | Reached skill level 5 in Spellcasting
  1190 | D:2      | Reached XP level 3. HP: 20/28 MP: 6/9
  1247 | D:2      | Noticed Robin
  1262 | D:2      | Killed Robin
  1263 | D:2      | Reached skill level 1 in Invocations
  1269 | D:2      | Reached skill level 1 in Short Blades
  1269 | D:2      | Reached skill level 1 in Long Blades
  1269 | D:2      | Reached skill level 1 in Axes
  1269 | D:2      | Reached skill level 1 in Maces & Flails
  1269 | D:2      | Reached skill level 1 in Polearms
  1269 | D:2      | Reached skill level 1 in Staves
  1269 | D:2      | Reached skill level 1 in Ranged Weapons
  1269 | D:2      | Reached skill level 1 in Throwing
  1269 | D:2      | Reached skill level 1 in Armour
  1269 | D:2      | Reached skill level 1 in Stealth
  1269 | D:2      | Reached skill level 1 in Shields
  1269 | D:2      | Reached skill level 1 in Evocations
  1315 | D:2      | Reached XP level 4. HP: 33/34 MP: 9/11
  1395 | D:2      | Noticed Natasha
  1404 | D:2      | Killed Natasha
  1405 | D:2      | Reached skill level 1 in Conjurations
  1405 | D:2      | Reached skill level 1 in Hexes
  1405 | D:2      | Reached skill level 1 in Summonings
  1405 | D:2      | Reached skill level 1 in Necromancy
  1405 | D:2      | Reached skill level 1 in Translocations
  1405 | D:2      | Reached skill level 1 in Fire Magic
  1405 | D:2      | Reached skill level 1 in Ice Magic
  1405 | D:2      | Reached skill level 1 in Air Magic
  1405 | D:2      | Reached skill level 1 in Earth Magic
  1405 | D:2      | Reached skill level 1 in Poison Magic
  1825 | D:2      | Noticed Natasha
  1833 | D:2      | Killed Natasha
  1834 | D:2      | Reached XP level 5. HP: 32/40 MP: 10/12
  1950 | D:2      | Noticed Natasha
  1955 | D:2      | Killed Natasha
  2446 | D:3      | Found a shadowy altar of Dithmenos.
  2709 | D:4      | Noticed Edmund
  2815 | D:4      | Reached XP level 6. HP: 16/43 MP: 6/13
  2897 | D:4      | Reached skill level 5 in Dodging
  3077 | D:4      | Reached XP level 7. HP: 45/52 MP: 15/15
  3094 | D:4      | Learned a level 2 spell: Passwall
  3098 | D:4      | Learned a level 3 spell: Spider Form
  3219 | D:4      | Killed Edmund
  3309 | D:4      | Learned a level 3 spell: Mephitic Cloud
  3501 | D:4      | Found an opulent altar of Gozag.
  3533 | D:4      | Found a glowing silver altar of Zin.
  3610 | D:4      | Became a worshipper of Gozag Ym Sagoz the Greedy
  3630 | D:5      | Entered Level 5 of the Dungeon
  3783 | D:5      | Reached XP level 8. HP: 60/60 MP: 12/16
  3831 | D:5      | Noticed a yak
  4139 | D:5      | Killed a yak
  4253 | D:5      | Noticed Pikel
  4267 | D:5      | Killed Pikel
  4268 | D:5      | Reached skill level 5 in Transmutations
  4268 | D:5      | Reached XP level 9. HP: 47/67 MP: 11/18
  4428 | D:5      | Reached skill level 5 in Fighting
  4634 | D:6      | Found a snail-covered altar of Cheibriados.
  4723 | D:6      | Found Wonyem's General Store.
  4731 | D:6      | Bought a scroll of teleportation for 45 gold pieces
  4745 | D:6      | Found a bloodstained altar of Trog.
  4745 | D:6      | Found a glowing golden altar of the Shining One.
  4746 | D:6      | Found an ancient bone altar of Kikubaaqudgha.
  4812 | D:6      | Noticed a kobold demonologist
  4824 | D:6      | Found a staircase to the Ecumenical Temple.
  4842 | D:6      | Killed a kobold demonologist
  4843 | D:6      | Reached skill level 5 in Invocations
  5013 | D:6      | Found a sand-covered staircase.
  5020 | Ossuary  | Entered an ossuary
  5125 | Ossuary  | Reached skill level 5 in Air Magic
  5701 | D:7      | Found Fanurph's Book Shop.
  5714 | D:7      | Bought a book of Transfigurations for 400 gold pieces
  5720 | D:7      | Learned a level 5 spell: Blade Hands
  5768 | D:7      | Found Cokaf's Weapon Boutique.
  5781 | D:7      | Found Ari Ninuej's Book Shop.
  5926 | D:7      | Killed an unseen horror
  6110 | D:7      | Learned a level 2 spell: Call Imp
  6145 | D:7      | Found Nogosmoj's Distillery.
  6152 | D:7      | Bought a potion of heal wounds for 70 gold pieces
  6152 | D:7      | Bought a potion of curing for 42 gold pieces
  6152 | D:7      | Bought a potion of curing for 42 gold pieces
  6194 | D:7      | Reached skill level 5 in Short Blades
  6194 | D:7      | Reached skill level 5 in Long Blades
  6194 | D:7      | Reached skill level 5 in Axes
  6194 | D:7      | Reached skill level 5 in Maces & Flails
  6194 | D:7      | Reached skill level 5 in Polearms
  6194 | D:7      | Reached skill level 5 in Staves
  6194 | D:7      | Reached skill level 5 in Ranged Weapons
  6194 | D:7      | Reached skill level 5 in Throwing
  6194 | D:7      | Reached skill level 5 in Armour
  6194 | D:7      | Reached skill level 5 in Stealth
  6194 | D:7      | Reached skill level 5 in Shields
  6194 | D:7      | Reached skill level 5 in Evocations
  6194 | D:7      | Reached XP level 10. HP: 73/76 MP: 20/20
  6529 | D:7      | Found Tiunowi's Distillery.
  6572 | D:7      | Bought a potion of heal wounds for 60 gold pieces
  6572 | D:7      | Bought a potion of curing for 36 gold pieces
  6619 | D:7      | Found a runed translucent door.
  7683 | D:8      | Noticed Erica
  7695 | D:8      | Killed Erica
  7819 | D:8      | Noticed Maurice
  7828 | D:8      | Killed Maurice
  7829 | D:8      | Reached skill level 5 in Conjurations
  7829 | D:8      | Reached skill level 5 in Hexes
  7829 | D:8      | Reached skill level 5 in Summonings
  7829 | D:8      | Reached skill level 5 in Necromancy
  7829 | D:8      | Reached skill level 5 in Translocations
  7829 | D:8      | Reached skill level 5 in Fire Magic
  7829 | D:8      | Reached skill level 5 in Ice Magic
  7829 | D:8      | Reached skill level 5 in Earth Magic
  7829 | D:8      | Reached skill level 5 in Poison Magic
  7954 | D:8      | Reached XP level 11. HP: 82/83 MP: 22/22
  8351 | D:7      | Bought a potion of experience for 700 gold pieces
  8381 | D:9      | Reached XP level 12. HP: 89/89 MP: 24/24
  8386 | D:9      | Learned a level 3 spell: Call Canine Familiar
  8489 | D:9      | Found a hazy altar of Hepliaklqana.
  8616 | D:9      | Identified the +0 hat of Midsummer {rElec}
  8704 | D:9      | Found a staircase to the Lair.
  9073 | D:10     | Entered Level 10 of the Dungeon
  9231 | D:10     | Found Buqiph's Armour Emporium.
  9292 | D:10     | Found a shimmering blue altar of Sif Muna.
  9367 | D:10     | Noticed Psyche
  9369 | D:10     | Paralysed by Psyche for 2 turns
  9386 | D:10     | Killed Psyche
  9560 | D:10     | Found a white marble altar of Elyvilon.
  9751 | D:10     | Reached skill level 10 in Unarmed Combat
 10115 | D:11     | Learned a level 3 spell: Vhi's Electric Charge
 10180 | D:11     | Noticed a two-headed ogre
 10190 | D:11     | Learned a level 3 spell: Stone Arrow
 10213 | D:11     | Killed a two-headed ogre
 10330 | D:11     | Learned a level 3 spell: Frozen Ramparts
 10605 | D:11     | Noticed a two-headed ogre
 10613 | D:11     | Killed a two-headed ogre
 10767 | D:11     | Noticed Lodul
 10783 | D:11     | Killed Lodul
 10968 | D:11     | Noticed a two-headed ogre
 10976 | D:11     | Killed a two-headed ogre
 11145 | D:12     | Found a staircase to the Orcish Mines.
 11261 | D:12     | Noticed a two-headed ogre
 11269 | D:12     | Killed a two-headed ogre
 11480 | D:12     | Found a frozen archway.
 11487 | D:12     | Reached XP level 13. HP: 83/99 MP: 24/26
 11519 | IceCv    | Entered an ice cave
 11576 | IceCv    | Learned a level 4 spell: Ice Form
 12231 | IceCv    | Identified the +6 shortbow "Tinoudo" {antimagic, rC+ Will+
                  | Str+3}
 13285 | Orc:1    | Entered Level 1 of the Orcish Mines
 13442 | Orc:1    | Reached skill level 10 in Spellcasting
 13553 | Orc:2    | Entered Level 2 of the Orcish Mines
 13895 | Orc:2    | Found a staircase to the Elven Halls.
 13908 | Orc:2    | Reached skill level 10 in Air Magic
 14030 | Orc:1    | Slain by an orc warrior

Illustrated notes

Levels and vault maps discovered:
D:1:      minmay_arrival_nine_rooms, layout_loops_corners,
          hellmonk_ecumenical_altar_crossroads
D:2:      layout_loops_ring, uniq_natasha, uniq_robin
D:3:      layout_loops_ring, grunt_dithmenos_smoke_and_mirrors
D:4:      layout_rooms, pdpol_temple_overflow_zin_treasury_gozag_greed,
          portal_sewer_entry_d, minmay_manual_mares, uniq_edmund
D:5:      layout_rooms, minmay_misc_feat_room, minmay_chambers_of_fives,
          uniq_pikel
D:6:      layout_loops_cross, nicolae_overflow_crystal_walls,
          chequers_temple_overflow_statue_of_worship,
          minmay_temple_entry_statues_fountains, serial_shops,
          nicolae_shop_peninsula, gup_ossuary_entry_pyramid
D:7:      layout_loops_ring, serial_shops, nicolae_inconvenience_store,
          nicolae_shop_just_a_little_nook, shop_coins, nicolae_diamond_shop,
          shop, lightli_church_of_beogh
D:8:      layout_loops_corners, kennysheep_cluttered_room,
          hangedman_abyss_or_decor_clamps, uniq_erica, uniq_maurice
D:9:      layout_rooms, mainiacjoe_overflow_alcove_1, david_lair_shrubbed
D:10:     layout_basic, mainiacjoe_overflow_24_doors,
          mainiacjoe_overflow_six_doors_small, special_room [special_room_bee],
          serial_shops, shop, uniq_psyche
D:11:     layout_basic, uniq_lodul
D:12:     layout_cave_pods, zombieorc2_lemuel,
          portal_ice_cave_entry_ice_simulacra
Orc:1:    layout_caves
Orc:2:    st_orc_town, layout_diamond_mine, basic_altar, nicolae_orc_lava_room

Skill      XL: |  1  2  3  4  5  6  7  8  9 10 11 12 13 |
---------------+----------------------------------------+-----
Spellcasting   | 5 6 7 8 9 10 | 10.1
Invocations    | 1 2 3 4 5 6 7 8 9 |  9.5
Short Blades   | 1 2 3 4 5 6 7 8 |  8.7
Long Blades    | 1 2 3 4 5 6 7 8 |  8.7
Axes           | 1 2 3 4 5 6 7 8 |  8.7
Maces & Flails | 1 2 3 4 5 6 7 8 |  8.7
Polearms       | 1 2 3 4 5 6 7 8 |  8.7
Staves         | 1 2 3 4 5 6 7 8 |  8.7
Ranged Weapons | 1 2 3 4 5 6 7 8 |  8.7
Throwing       | 1 2 3 4 5 6 7 8 |  8.7
Armour         | 1 2 3 4 5 6 7 8 |  8.7
Stealth        | 1 2 3 4 5 6 7 8 |  8.7
Shields        | 1 2 3 4 5 6 7 8 |  8.7
Evocations     | 1 2 3 4 5 6 7 8 |  8.7
Conjurations   | 1 2 3 4 5 6 7 |  7.2
Hexes          | 1 2 3 4 5 6 7 |  7.2
Summonings     | 1 2 3 4 5 6 7 |  7.2
Necromancy     | 1 2 3 4 5 6 7 |  7.2
Translocations | 1 2 3 4 5 6 7 |  7.2
Fire Magic     | 1 2 3 4 5 6 7 |  7.2
Ice Magic      | 1 2 3 4 5 6 7 |  7.2
Air Magic      | 1 2 4 5 6 8 9 10 | 10.0
Earth Magic    | 1 2 3 4 5 6 7 |  7.2
Poison Magic   | 1 2 3 4 5 6 7 |  7.2
Fighting       | 3 4 5 6 7 8 9 |  9.1
Transmutations | 4 5 6 7 8 |  8.2
Dodging        | 5 6 7 8 9 |  9.9
Unarmed Combat | 7 8 9 10 | 10.9

Action                     |  1- 3 |  4- 6 |  7- 9 | 10-12 | 13-15 || total
---------------------------+-------+-------+-------+-------+-------++-------
  Melee: Unarmed           |    72 |    76 |   169 |   255 |   163 ||   735
         Kick              |    10 |    21 |    31 |    26 |     8 ||    96
         Headbutt          |     3 |     4 |    14 |    15 |     9 ||    45
         Bite              |     2 |     5 |    11 |    14 |     7 ||    39
         Punch             |       |     1 |     6 |     6 |     1 ||    14
   Fire: Sling             |       |    28 |    82 |       |       ||   110
         Shortbow          |       |       |     5 |   262 |   237 ||   504
  Throw: Dart              |       |       |       |     1 |       ||     1
         Javelin           |       |       |       |     1 |       ||     1
   Cast: Beastly Appendage |    16 |    20 |    20 |    22 |     2 ||    80
         Magic Dart        |     4 |     8 |       |       |       ||    12
         Wereblood         |     1 |     4 |    11 |    14 |    17 ||    47
         Spider Form       |       |       |    12 |    11 |     5 ||    28
         Mephitic Cloud    |       |       |     2 |     5 |       ||     7
         Blade Hands       |       |       |     1 |     6 |     1 ||     8
         Call Canine Famil |       |       |       |     3 |     4 ||     7
         Stone Arrow       |       |       |       |     3 |       ||     3
         Frozen Ramparts   |       |       |       |     1 |       ||     1
         Ice Form          |       |       |       |       |     4 ||     4
         Vhi's Electric Ch |       |       |       |       |     1 ||     1
Ability: End Transformatio |       |       |     1 |       |       ||     1
    Use: Potion            |     2 |     1 |     1 |     3 |     6 ||    13
         Scroll            |       |     9 |     3 |    11 |     6 ||    29
   Stab: Sleeping          |       |     1 |       |       |       ||     1
         Distracted        |       |       |     1 |     2 |       ||     3
         Confused          |       |       |       |     1 |       ||     1
 Armour: Robe              |     2 |       |       |    55 |     7 ||    64
         Leather armour    |     9 |     8 |     2 |       |       ||    19
         Skin              |    93 |       |     5 |     2 |    26 ||   126
         Scale mail        |       |       |    45 |    44 |    46 ||   135
  Dodge: Dodged            |    30 |    43 |   116 |   271 |   266 ||   726
